 Dungeon Crawl Stone Soup version 0.31.0-12-g77e489cdc1 (webtiles) character file.

Game seed: 2340011430073906497

224 KennySheep the Chopper (level 6, -2/51 HPs)
             Began as a Hill Orc Monk on Mar 2, 2024.
             Succumbed to a gnoll's poison
             ... on level 3 of the Dungeon.
             The game lasted 00:03:09 (1774 turns).

KennySheep the Chopper (Hill Orc Monk)              Turns: 1774, Time: 00:03:09

Health: -2/51      AC: 10    Str: 16    XL:     6   Next: 0%
Magic:  4/6        EV:  8    Int: 10    God:
Gold:   144        SH:  0    Dex: 13    Spells: 5/5 levels left

rFire   . . .        a - +0 hand axe
rCold   . . .        d - orb {light}
rNeg    . . .        j - +0 chain mail
rPois   .            g - +1 hat
rElec   .            (no cloak)
rCorr   .            (no gloves)
SInv    .            (no boots)
Will    .....        (no amulet) Stlth
                     (no ring)
HPRegen 0.28/turn    (no ring)
MPRegen 0.10/turn

%: no passive effects
@: lethally poisoned (-2 -> -27), about to teleport, glowing
A: no striking features
a: no special abilities


You were on level 3 of the Dungeon.
You visited 1 branch of the dungeon, and saw 3 of its levels.

You collected 144 gold pieces.

Inventory:

Hand Weapons
 a - a +0 hand axe (weapon)
Armour
 b - a +0 robe
 d - an orb of light (worn)
 g - a +1 hat (worn)
 j - a +0 chain mail (worn)
Scrolls
 e - a scroll of fog {unknown}
 h - a scroll of immolation
 i - a scroll of teleportation
 k - a scroll of blinking {unknown}
 m - a scroll of poison {unknown}
 n - a scroll of amnesia {unknown}
 p - a scroll of enchant weapon {unknown}
 q - a scroll of revelation {unknown}
Potions
 c - a potion of ambrosia
 f - 6 potions of curing {unknown}
 l - 2 potions of degeneration {unknown}
 o - a potion of heal wounds {unknown}
 r - a potion of cancellation {unknown}


   Skills:
 - Level 3.6 Fighting
 * Level 7.5 Axes
 + Level 3.1 Armour
 - Level 2.4 Dodging


You had 5 spell levels left.
You didn't know any spells.
Your spell library contained the following spells:

 Spells                   Type           Power      Damage    Failure   Level
 Manifold Assault         Tloc           0%         N/A       100%        4
 Dispersal                Tloc           0%         N/A       100%        6
 Disjunction              Tloc           0%         N/A       100%        8


Dungeon Overview and Level Annotations

Branches:
Dungeon (3/15)

Altars:
Dithmenos

Shops:
D:1 *

Annotations:
D:3 1 transporter


Message History

You struggle against the net.
You struggle against the net.
You rip the net and break free!
The gnoll throws a throwing net.
The throwing net closely misses you. The gnoll hits you but does no damage.
The gnoll hits you but does no damage.
You are poisoned.
The gnoll hits you but does no damage.
The gnoll shouts!
You hit the gnoll but do no damage. You hit the plant.
The plant begins to die.
You hit the plant.
The plant begins to die.
You hit the gnoll.
You feel very sick.
You hit the gnoll.
The gnoll is heavily wounded.
You hit the plant. x2; You hit the gnoll but do no damage.
You feel sick.
The gnoll hits you with the +5 halberd of Xom, Shimmering {chaos, rC- Dex+2 Stlth+}!
You are more poisoned.
The gnoll hits you but does no damage.
You writhe in agony.
You slash the gnoll!
The gnoll is heavily wounded.
You hit the gnoll. You hit the plant. x2
You feel very sick.
A gnoll breaks down the door.
The gnoll hits you with the +5 halberd of Xom, Shimmering {chaos, rC- Dex+2 Stlth+}!
You are lethally poisoned!
The gnoll barely misses you.
You hit the gnoll.
The gnoll is almost dead.
You hit the gnoll. You hit the plant. x2
You feel extremely sick.
A nearby plant withers and dies.
The gnoll hits you with the +5 halberd of Xom, Shimmering {chaos, rC- Dex+2 Stlth+}!
* * * LOW HITPOINT WARNING * * *
You feel your power leaking away.
The gnoll hits you from afar with a +0 spear.
* * * LOW HITPOINT WARNING * * *
The gnoll closely misses you.
As you read the scroll labelled GUOXEI VYROMA, it crumbles to dust.
You feel strangely unstable.
It was a scroll of teleportation.
You die...

...#....≈≈###.##+##.###≈≈.#
.#####..≈≈.?# #$ #.#..≈≈.#
....# #.≈≈.##. #.##.≈≈.#
....###.≈≈.#. #.©#.≈≈.#
.....##.≈≈.##.#####.##.≈≈.#
......#.....#.#8(8#.#..≈≈.#
....#......©#.g.©.+.#©.~~.#
............#.#..P#.#..≈≈.#
....###.≈≈.##.##@##.##.≈≈.#
....# #.≈≈.#..#gg.#..#.≈≈.#
....###.≈≈.##.#⌠g⌠#.##.≈≈.#
##......≈≈..#.#...#.#..≈≈.#
#####..≈≈###.##g##.###≈≈.#
#..≈≈#...........#≈≈.#
#..≈≈#8.###.###.8#≈≈.# #
#..≈≈#..#8###8#..#≈≈.# #
#..≈≈####.....####≈≈.#


You could see 5 gnolls.

Vanquished Creatures
  Sigmund (D:3)
  2 adders (D:2)
  2 ribbon worms (D:2)
  A dart slug (D:2)
  2 orcs (D:3)
  6 ball pythons
  6 bats
  2 endoplasms (D:3)
  2 giant cockroaches (D:1)
  2 goblins (D:2)
  2 hobgoblins (D:2)
  2 kobolds
  3 quokkas
  2 frilled lizards (D:1)
  3 rats
38 creatures vanquished.

Notes
Turn   | Place    | Note
-------+----------+-------------------------------------------
     0 | D:1      | KennySheep the Hill Orc Monk began the quest for the Orb.
     0 | D:1      | Reached XP level 1. HP: 19/19 MP: 1/1
    18 | D:1      | Found Xuyhome's Assorted Antiques.
    62 | D:1      | Found a faded altar of an unknown god.
   274 | D:1      | Reached XP level 2. HP: 26/26 MP: 2/2
   589 | D:1      | Reached skill level 5 in Axes
   712 | D:2      | Reached XP level 3. HP: 31/31 MP: 3/3
   771 | D:2      | Reached skill level 1 in Armour
   776 | D:2      | Identified the +0 kite shield of Festooned Contentment
                  | {Rampage *Slow Int+4 SInv}
  1321 | D:2      | Reached XP level 4. HP: 39/39 MP: 4/4
  1489 | D:3      | Found a shadowy altar of Dithmenos.
  1518 | D:3      | Reached skill level 6 in Axes
  1553 | D:3      | Noticed Sigmund
  1565 | D:3      | Killed Sigmund
  1566 | D:3      | Reached skill level 7 in Axes
  1566 | D:3      | Reached XP level 5. HP: 18/45 MP: 5/5
  1566 | D:3      | Reached XP level 6. HP: 21/51 MP: 6/6
  1702 | D:3      | Found a transporter.
  1737 | D:3      | Identified the +5 halberd of Xom, Shimmering {chaos, rC-
                  | Dex+2 Stlth+}
  1752 | D:3      | Found a transporter.
  1774 | D:3      | Succumbed to a gnoll's poison

Illustrated notes

Levels and vault maps discovered:
D:1:      lemuel_arrival_funnel, layout_basic,
          hellmonk_ecumenical_altar_blasted, serial_shops, shop,
          nrook_mini_vaults
D:2:      layout_basic, minmay_misc_feat_room, hex_tiny, nicolae_the_louvre
D:3:      layout_rooms, lemuel_tele_altar, grunt_gozag_breadcrumbs,
          gammafunk_ghost_gnarly_gnolls, wander_ebering_terrifying_dragon_lair,
          uniq_sigmund

Skill      XL: |  1  2  3  4 |
---------------+-------------+-----
Axes           | 5 7 |  7.5
Armour         | 1 3 |  3.1
Fighting       | |  3.6
Dodging        | |  2.4

Action                     |  1- 3 |  4- 6 || total
---------------------------+-------+-------++-------
  Melee: Hand axe          |   108 |    38 ||   146
    Use: Scroll            |       |     1 ||     1
 Armour: Robe              |    11 |       ||    11
         Chain mail        |    66 |    29 ||    95
  Dodge: Dodged            |    51 |    13 ||    64
